 Dungeon Crawl Stone Soup version 0.23.2-1-ga50397a6bc (webtiles) character file.

Game seed: 11770379908073120701

8145 Mrkan the Grappler (level 11, -3/111 HPs)
             Began as a Troll Monk on May 21, 2019.
             Was a High Priest of Okawaru.
             Slain by Erica
             ... wielding a +1 scimitar of flaming
              (14 damage)
             ... on level 11 of the Dungeon.
             The game lasted 00:21:52 (8493 turns).

Mrkan the Grappler (Troll Monk)                     Turns: 8493, Time: 00:21:52

Health: -3/111     AC: 11    Str: 24    XL:     11   Next: 6%
Magic:  8/10       EV: 17    Int:  6    God:    Okawaru [*****.]
Gold:   616        SH:  0    Dex: 15    Spells: 10/10 levels left

rFire    + . .     SeeInvis .     - Unarmed
rCold    + . .     Gourm    +   (no shield)
rNeg     . . .     Faith    .   M - +2 robe {rC+}
rPois    .         Spirit   .   F - +1 hat
rElec    .         Reflect  .   D - +1 cloak
rCorr    .         Harm     .   (gloves unavailable)
MR       .....                  (boots unavailable)
Stlth    +++.......             (no amulet)
HPRegen  0.68/turn              s - ring of protection from fire
MPRegen  0.12/turn              y - +3 ring of strength

@: heroism, slowed, very slow
A: large, unfitting armour, claws 3, fast metabolism 3, gourmand, regeneration
1, shaggy fur 1, tough skin 3
a: Heroism, Finesse, Renounce Religion


You were on level 11 of the Dungeon.
You worshipped Okawaru.
Okawaru was extremely pleased with you.
You were completely stuffed.

You visited 2 branches of the dungeon, and saw 12 of its levels.

You collected 616 gold pieces.

Inventory:

Hand Weapons
 t - a +3 dire flail
 B - a +2 flail of holy wrath
 C - a +0 flail of protection
 G - a +1 glaive of protection
Missiles
 l - 8 curare-tipped needles
 n - 15 large rocks (quivered)
 z - a throwing net
 E - 2 javelins
Armour
 D - a +1 cloak (worn)
 F - a +1 hat (worn)
 M - a +2 robe of cold resistance (worn)
Magical Staves
 N - an uncursed staff of cold
Jewellery
 j - an uncursed ring of protection from magic
 s - a ring of protection from fire (left claw)
 y - a +3 ring of strength (right claw)
 J - an uncursed ring of magical power {unknown}
 K - an uncursed ring of protection from fire
Wands
 A - a wand of flame (24)
 L - a wand of paralysis (7)
Scrolls
 a - a scroll of brand weapon {unknown}
 c - 4 scrolls of teleportation
 d - a scroll of enchant armour
 f - 2 scrolls of noise
 i - 2 scrolls of fog
 k - 10 scrolls of remove curse
 p - a scroll of enchant weapon
 u - 4 scrolls of magic mapping
 H - a scroll of amnesia
 O - a scroll of identify
Potions
 e - 4 potions of lignification
 h - 2 potions of mutation
 m - 5 potions of degeneration
 o - 5 potions of brilliance
 q - 2 potions of magic
 r - a potion of haste {unknown}
 v - 3 potions of curing
 w - a potion of berserk rage {unknown}
 x - 2 potions of ambrosia {unknown}
 I - a potion of invisibility {unknown}
Comestibles
 b - 25 rations


   Skills:
 + Level 7.9(12.9) Fighting
 - Level 8.1(13.1) Throwing
 + Level 6.1(11.1) Dodging
 - Level 1.0(6.0) Stealth
 - Level 10.1(15.1) Unarmed Combat


You had 10 spell levels left.
You didn't know any spells.
Your spell library contained the following spells:

 Spells                   Type           Power        Failure   Level  Hunger
 Magic Dart               Conj           #...         45%         1    ##.....
 Blink                    Tloc           N/A          58%         2    ###....
 Call Imp                 Summ           #.......     58%         2    ###....
 Slow                     Hex            #.......     58%         2    ###....
 Conjure Flame            Conj/Fire      #.......     83%         3    ####...
 Mephitic Cloud           Conj/Pois/Air  #.......     83%         3    ####...
 Cause Fear               Hex            #.........   99%         4    #####..
 Silence                  Hex/Air        #.........   100%        5    ######.
 Yara's Violent Unravell  Hex/Tmut       #.........   100%        5    ######.
 Deflect Missiles         Chrm/Air       #.........   100%        6    #######
 Discord                  Hex            #.........   100%        8    #######


Dungeon Overview and Level Annotations

Branches:
Dungeon (11/15)            Temple (1/1) D:6            Lair (0/6) D:10
    Orc (0/2) D:9

Altars:
Ashenzari
Cheibriados
Dithmenos
Elyvilon
Gozag
Kikubaaqudgha
Makhleb
Nemelex Xobeh
Okawaru
Qazlal
Ru
Sif Muna
Trog
Vehumet
Wu Jian
Yredelemnul
Zin
The Shining One

Shops:
D:5 [   D:6 :

Annotations:
D:6 1 runed translucent door, u8823's ghost, novice HOFi
D:11 Erica


Innate Abilities, Weirdness & Mutations

You are too large for most types of armour.
You have claws for hands.
Your metabolism is lightning-fast.
You like to eat raw meat.
Your natural rate of healing is unusually fast.
You are covered in fur. (AC +1)
You have extremely tough skin. (AC +3)


Message History

Erica casts a spell at you.
You feel yourself slow down.
You closely miss Erica.
Erica is moderately wounded.
You feel sick. Erica hits you but does no damage.
You completely miss Erica.
Erica is moderately wounded.
You feel sick.
Erica hits you with a +1 scimitar of flaming!
* * * LOW HITPOINT WARNING * * *
Erica burns you.
* * * LOW HITPOINT WARNING * * *
You feel better.
Erica hits you with a +1 scimitar of flaming.
* * * LOW HITPOINT WARNING * * *
Erica burns you.
* * * LOW HITPOINT WARNING * * *
You gain the combat prowess of a mighty hero.
Erica hits you with a +1 scimitar of flaming!
You die...

######################
......(.......@@......
.#####################
.# .# .. .# .#
#####.##.# .# ..#
...#.# .# ####.#
#..#.###### .#
#<##.#.#..#.##...#


You could see Erica.

Vanquished Creatures
  Fannar (D:10)
  An unseen horror (D:10)
  An ugly thing (D:11)
  Joseph (D:8)
  2 trolls
  2 hippogriffs
  A wyvern (D:8)
  2 wraiths
  Grum (D:10)
  A warg (D:9)
  Duvessa (D:5)
  4 orc warriors
  3 sky beasts
  2 black bears
  A necrophage (D:9)
  5 phantoms
  4 ogres
  3 wolves (D:10)
  2 gnoll sergeants
  3 big kobolds (D:8)
  3 bullfrogs
  Dowan (D:5)
  4 scorpions
  3 wights (D:10)
  6 killer bees (D:8)
  3 crimson imps
  A bullfrog zombie (D:10)
  6 orc priests
  A jelly (D:10)
  5 hounds
  13 orc wizards
  3 bullfrog skeletons
  An iguana (D:7)
  Natasha (twice) (D:4)
  10 worker ants
  A killer bee zombie (D:5)
  A hound zombie (D:7)
  4 howler monkey skeletons
  10 gnolls
  10 adders
  A river rat (D:4)
  2 shadow imps
  4 oozes (D:1)
  3 worms
  A dart slug (D:2)
  4 leopard geckos
  43 orcs
  15 giant cockroaches
  10 goblins
  10 hobgoblins
  3 jackals (D:1)
  4 quokkas
  3 ball pythons
  11 bats
  3 frilled lizards
  18 kobolds
  13 rats
277 creatures vanquished.

Notes
Turn   | Place    | Note
-------+----------+-------------------------------------------
     0 | D:1      | Mrkan the Troll Monk began the quest for the Orb.
     0 | D:1      | Reached XP level 1. HP: 22/22 MP: 0/0
     1 | D:1      | Found a runed translucent door.
    14 | D:1      | Reached XP level 2. HP: 26/29 MP: 1/1
    27 | D:1      | Reached skill level 4 in Unarmed Combat
    34 | D:1      | Reached XP level 3. HP: 31/36 MP: 2/2
   929 | D:2      | Reached XP level 4. HP: 44/44 MP: 3/3
  1006 | D:2      | Reached skill level 5 in Unarmed Combat
  1412 | D:3      | Reached XP level 5. HP: 44/50 MP: 4/4
  1524 | D:3      | Reached skill level 6 in Unarmed Combat
  1746 | D:3      | Reached XP level 6. HP: 40/59 MP: 5/5
  1763 | D:3      | Reached skill level 7 in Unarmed Combat
  2434 | D:4      | Reached skill level 8 in Unarmed Combat
  2434 | D:4      | Reached XP level 7. HP: 61/66 MP: 6/6
  2511 | D:4      | Reached skill level 9 in Unarmed Combat
  2678 | D:4      | Noticed Natasha
  2687 | D:4      | Killed Natasha
  2891 | D:4      | Noticed Natasha
  2896 | D:4      | Killed Natasha
  2905 | D:5      | Entered Level 5 of the Dungeon
  3038 | D:5      | Reached XP level 8. HP: 48/74 MP: 7/7
  3332 | D:5      | Found a stormy altar of Qazlal.
  3481 | D:5      | Noticed Duvessa
  3483 | D:5      | Noticed Dowan
  3491 | D:5      | Killed Duvessa
  3491 | D:5      | Reached skill level 10 in Unarmed Combat
  3499 | D:5      | Killed Dowan
  3499 | D:5      | Reached skill level 1 in Throwing
  3515 | D:5      | Found Sosmul's Armour Emporium.
  4042 | D:6      | Found Gaur's Book Boutique.
  4188 | D:6      | Found a staircase to the Ecumenical Temple.
  4242 | Temple   | Entered the Ecumenical Temple
  4374 | Temple   | Became a worshipper of Warmaster Okawaru
  4374 | Temple   | Reached * piety under Okawaru
  4374 | Temple   | Reached ** piety under Okawaru
  4464 | D:6      | Found a runed translucent door.
  4469 | D:6      | Noticed u8823's ghost (novice HOFi)
  4486 | D:6      | Reached skill level 5 in Throwing
  4764 | D:6      | Reached XP level 9. HP: 30/80 MP: 8/8
  5031 | D:7      | Reached *** piety under Okawaru
  5792 | D:8      | Noticed Joseph
  5814 | D:8      | Killed Joseph
  6134 | D:8      | Reached skill level 5 in Fighting
  6271 | D:8      | Reached **** piety under Okawaru
  6382 | D:8      | Reached XP level 10. HP: 74/96 MP: 9/9
  6576 | D:9      | Found a staircase to the Orcish Mines.
  6848 | D:9      | Received a gift from Okawaru
  7104 | D:10     | Entered Level 10 of the Dungeon
  7126 | D:10     | Found a staircase to the Lair.
  7596 | D:10     | Reached ***** piety under Okawaru
  7643 | D:10     | Noticed Fannar
  7685 | D:10     | Killed Fannar
  7685 | D:10     | Reached skill level 5 in Dodging
  7783 | D:10     | Noticed Grum
  7802 | D:10     | Killed Grum
  8021 | D:10     | Killed an unseen horror
  8045 | D:10     | Found a shadowy altar of Dithmenos.
  8279 | D:11     | Noticed a cyan ugly thing
  8293 | D:11     | Killed a cyan ugly thing
  8293 | D:11     | Reached XP level 11. HP: 24/111 MP: 10/10
  8456 | D:11     | Noticed an ogre mage
  8456 | D:11     | Noticed a centaur warrior
  8474 | D:11     | Noticed Erica
  8491 | D:11     | HP: 5/111 [Erica/+1 scimitar of flaming (3)]
  8493 | D:11     | Slain by Erica

Skill      XL: |  1  2  3  4  5  6  7  8  9 10 |
---------------+-------------------------------+-----
Unarmed Combat | 4 5 6 8 9 10 | 10.1
Throwing       | 6 8 |  8.1
Fighting       | 5 7 |  7.9
Dodging        | 6 |  6.1
Stealth        | |  1.0

Action                   |  1- 3 |  4- 6 |  7- 9 | 10-12 || total
-------------------------+-------+-------+-------+-------++-------
Melee: Unarmed           |    83 |   196 |   325 |   239 ||   843
       Punch             |     2 |     6 |    12 |    16 ||    36
Invok: Heroism           |       |       |     1 |     2 ||     3
  Use: Scroll            |       |       |    17 |     7 ||    24
       Potion            |       |       |       |     6 ||     6
 Stab: Sleeping          |     1 |     3 |     2 |     2 ||     8
       Distracted        |       |       |     1 |       ||     1
  Eat: Chunk             |     9 |    19 |    34 |    15 ||    77
       Ration            |       |       |       |     2 ||     2
Armor: Robe              |    59 |    91 |   103 |    82 ||   335
       Skin              |       |       |       |    21 ||    21
Dodge: Dodged            |    43 |   115 |   186 |    89 ||   433
